MWL (24 & UNDER)
BARRY'S BAY ORIOLES @ COLUMBIA 08S
06/12/2027
 
TOP OF THE 1ST
Barry's Bay Orioles batting - Pitching for Columbia 08s : LHP Glenn Fox
Pitching: LHP Glenn Fox
Batting: RHB Bill Pike 0-0: Ball
1-0: Ground out 6-3 (Groundball, 6)
Batting: SHB Terry Christian 0-0: Called Strike
0-1: Ball
1-1: Swinging Strike
1-2: Strikes out swinging
Batting: LHB Manuel Pérez 0-0: Called Strike
0-1: Ball
1-1: Ball
2-1: Ball
3-1: Foul Ball, location: 2F
3-2: Strikes out swinging
Top of the 1st over - 0 run(s), 0 hit(s), 0 error(s), 0 left on base; Barry's Bay 0 - Columbia 0
BOTTOM OF THE 1ST
Columbia 08s batting - Pitching for Barry's Bay Orioles : RHP José Padilla
Pitching: RHP José Padilla
Batting: RHB Juan Trujillo 0-0: Called Strike
0-1: Ball
1-1: DOUBLE (Line Drive, 9LS)
Batting: RHB Pablo Díaz 0-0: Swinging Strike
0-1: Foul Ball, location: 2F
0-2: Strikes out swinging
Batting: SHB Juan Carlos González 0-0: Called Strike
0-1: Foul Ball, location: 2F
0-2: Foul Ball, location: 2F
0-2: Ground out 4-3 (Groundball, 4)
Juan Trujillo to third
Batting: RHB Jaime Hernández 0-0: Ball
1-0: Swinging Strike
1-1: Ground out 4-3 (Groundball, 4)
Bottom of the 1st over - 0 run(s), 1 hit(s), 0 error(s), 1 left on base; Barry's Bay 0 - Columbia 0
TOP OF THE 2ND
Barry's Bay Orioles batting - Pitching for Columbia 08s : LHP Glenn Fox
Batting: LHB José Rodríguez 0-0: Ball
1-0: Called Strike
1-1: SINGLE (Groundball, 4MD)
Batting: RHB Jesús Castillo 0-0: Ball
1-0: Ball
2-0: SINGLE (Line Drive, 78S)
José Rodríguez to second
Runner from 2nd tries for 3rd, SAFE, no throw
Batting: RHB Troy González 0-0: Ball
1-0: Called Strike
1-1: Swinging Strike
1-2: Strikes out swinging
Batting: RHB Santiago Rivera 0-0: Foul Ball, location: 2F
0-1: Ball
1-1: Called Strike
1-2: Foul Ball, location: 2F
1-2: Grounds into double play, 5-4-3 (Groundball, 56)
Top of the 2nd over - 0 run(s), 2 hit(s), 0 error(s), 1 left on base; Barry's Bay 0 - Columbia 0
BOTTOM OF THE 2ND
Columbia 08s batting - Pitching for Barry's Bay Orioles : RHP José Padilla
Batting: RHB Bernardo Corona 0-0: Foul Ball, location: 2F
0-1: Foul Ball, location: 2F
0-2: Ball
1-2: Ground out 6-3 (Groundball, 6D)
Batting: RHB Vernon Sterling 0-0: Called Strike
0-1: Foul Ball, location: 2F
0-2: Strikes out swinging
Batting: LHB Claudio Palácios 0-0: Swinging Strike
0-1: Called Strike
0-2: Foul Ball, location: 2F
0-2: SINGLE (Groundball, 4MD)
Batting: LHB Dave Raines 0-0: Ball
1-0: Ball
Claudio Palácios steals 2nd base
2-0: SINGLE (Groundball, 34D)
Claudio Palácios to third
Runner from 3rd tries for Home, SAFE, no throw
Batting: RHB Henry Fox 0-0: Foul Ball, location: 2F
0-1: Ball
Wild Pitch!
Dave Raines to second
1-1: Foul Ball, location: 2F
1-2: Foul Ball, location: 2F
1-2: Ball
2-2: Strikes out swinging, 2-3 out at first.
Bottom of the 2nd over - 1 run(s), 2 hit(s), 0 error(s), 1 left on base; Barry's Bay 0 - Columbia 1
TOP OF THE 3RD
Barry's Bay Orioles batting - Pitching for Columbia 08s : LHP Glenn Fox
Batting: RHB Octávio Aldeguer 0-0: Ball
1-0: Called Strike
1-1: Swinging Strike
1-2: Ball
2-2: Strikes out swinging
Batting: LHB Will Elliott 0-0: Ball
1-0: Called Strike
1-1: Ball
2-1: Called Strike
2-2: Strikes out swinging
Batting: RHB Bill Pike 0-0: Called Strike
0-1: Fly out, F5 (Line Drive, 5)
Top of the 3rd over - 0 run(s), 0 hit(s), 0 error(s), 0 left on base; Barry's Bay 0 - Columbia 1
BOTTOM OF THE 3RD
Columbia 08s batting - Pitching for Barry's Bay Orioles : RHP José Padilla
Batting: RHB Juan Trujillo 0-0: Called Strike
0-1: Ball
1-1: Swinging Strike
1-2: Foul Ball, location: 2F
1-2: Foul Ball, location: 2F
1-2: Foul Ball, location: 2F
1-2: Ball
2-2: Ball
3-2: Foul Ball, location: 2F
3-2: Strikes out swinging
Batting: RHB Pablo Díaz 0-0: Ground out 3-1 (Groundball, 34)
Batting: SHB Juan Carlos González 0-0: Foul Ball, location: 2F
0-1: Swinging Strike
0-2: Ball
1-2: Ball
2-2: Fly out, F7 (Flyball, 7)
Bottom of the 3rd over - 0 run(s), 0 hit(s), 0 error(s), 0 left on base; Barry's Bay 0 - Columbia 1
TOP OF THE 4TH
Barry's Bay Orioles batting - Pitching for Columbia 08s : LHP Glenn Fox
Batting: SHB Terry Christian 0-0: Ball
1-0: Called Strike
1-1: Fly out, F4 (Line Drive, 4)
Batting: LHB Manuel Pérez 0-0: Ball
1-0: Ball
2-0: Called Strike
2-1: Ball
3-1: Foul Ball, location: 2F
3-2: Foul Ball, location: 2F
3-2: Strikes out swinging
Batting: LHB José Rodríguez 0-0: Ball
1-0: Ball
2-0: SOLO HOME RUN (Flyball, 8RXD), Distance : 427 ft
Batting: RHB Jesús Castillo 0-0: Swinging Strike
0-1: Ball
1-1: Foul Ball, location: 2F
1-2: Ball
2-2: Foul Ball, location: 2F
2-2: SINGLE (Line Drive, 56D)
Batting: RHB Troy González 0-0: Ground out 4-3 (Groundball, 34)
Top of the 4th over - 1 run(s), 2 hit(s), 0 error(s), 1 left on base; Barry's Bay 1 - Columbia 1
BOTTOM OF THE 4TH
Columbia 08s batting - Pitching for Barry's Bay Orioles : RHP José Padilla
Batting: RHB Jaime Hernández 0-0: Ball
1-0: Ball
2-0: Called Strike
2-1: Called Strike
2-2: Foul Ball, location: 2F
2-2: Foul Ball, location: 2F
2-2: Foul Ball, location: 2F
2-2: Ball
3-2: Base on Balls
Batting: RHB Bernardo Corona 0-0: Ball
1-0: Called Strike
1-1: Foul Ball, location: 2F
1-2: Ball
Wild Pitch!
Jaime Hernández to second
2-2: Foul Ball, location: 2F
2-2: SINGLE (Line Drive, 89M)
Jaime Hernández to third
Batting: RHB Vernon Sterling 0-0: Ball
1-0: Ball
2-0: Swinging Strike
2-1: Called Strike
2-2: Ball
3-2: Foul Ball, location: 2F
3-2: Foul Ball, location: 2F
3-2: Fly out, F5 (Popup, 5D)
Batting: LHB Claudio Palácios 0-0: Ball
1-0: Called Strike
1-1: Ball
2-1: Ground out 3-1 (Groundball, 3)
Jaime Hernández scores
Bernardo Corona to second
Batting: LHB Dave Raines 0-0: Ball
1-0: Ground out 4-3 (Groundball, 4)
Bottom of the 4th over - 1 run(s), 1 hit(s), 0 error(s), 1 left on base; Barry's Bay 1 - Columbia 2
TOP OF THE 5TH
Barry's Bay Orioles batting - Pitching for Columbia 08s : LHP Glenn Fox
Batting: RHB Santiago Rivera 0-0: Called Strike
0-1: Foul Ball, location: 2F
0-2: Foul Ball, location: 2F
0-2: Ball
1-2: Foul Ball, location: 2F
1-2: SINGLE (Groundball, 6D)
Batting: RHB Octávio Aldeguer 0-0: Ball
1-0: Ball
2-0: Foul Ball, location: 2F
2-1: Swinging Strike
2-2: Foul Ball, location: 2F
2-2: Hit by Pitch
Santiago Rivera to second
Batting: LHB Will Elliott 0-0: Ball
1-0: Foul Ball, location: 2F
1-1: Foul Ball, location: 2F
1-2: Fly out, F9 (Flyball, 9)
Batting: RHB Bill Pike 0-0: Called Strike
0-1: Grounds into double play, 6-4-3 (Groundball, 6)
Top of the 5th over - 0 run(s), 1 hit(s), 0 error(s), 1 left on base; Barry's Bay 1 - Columbia 2
BOTTOM OF THE 5TH
Columbia 08s batting - Pitching for Barry's Bay Orioles : RHP José Padilla
Batting: RHB Henry Fox 0-0: Ground out 6-3 (Groundball, 56)
Batting: RHB Juan Trujillo 0-0: Fly out, F9 (Line Drive, 9)
Batting: RHB Pablo Díaz 0-0: Ball
1-0: Ball
2-0: Called Strike
2-1: Ball
3-1: Foul Ball, location: 2F
3-2: SINGLE (Line Drive, 8RS)
Pitching: RHP Jesús López
Batting: SHB Juan Carlos González 0-0: Ball
1-0: Ball
2-0: Fly out, F8 (Line Drive, 89S)
Bottom of the 5th over - 0 run(s), 1 hit(s), 0 error(s), 1 left on base; Barry's Bay 1 - Columbia 2
TOP OF THE 6TH
Barry's Bay Orioles batting - Pitching for Columbia 08s : LHP Glenn Fox
Batting: SHB Terry Christian 0-0: Called Strike
0-1: SINGLE (Flyball, 9LS)
Batting: LHB Manuel Pérez 0-0: Ball
1-0: Swinging Strike
1-1: Swinging Strike
1-2: Strikes out swinging
Batting: LHB José Rodríguez 0-0: Ball
1-0: Swinging Strike
1-1: Ball
2-1: Fielders Choice at 2nd, 3-6 (Groundball, 3)
Pitching: RHP Irwin Conway
Batting: RHB Jesús Castillo 0-0: Called Strike
0-1: Ball
1-1: Swinging Strike
1-2: Ball
Wild Pitch!
José Rodríguez to second
2-2: Strikes out swinging
Top of the 6th over - 0 run(s), 1 hit(s), 0 error(s), 1 left on base; Barry's Bay 1 - Columbia 2
BOTTOM OF THE 6TH
Columbia 08s batting - Pitching for Barry's Bay Orioles : RHP Jesús López
Batting: RHB Jaime Hernández 0-0: Ball
1-0: Foul Ball, location: 2F
1-1: Swinging Strike
1-2: Fly out, F6 (Popup, 4MS)
Batting: RHB Bernardo Corona 0-0: Called Strike
0-1: Foul Ball, location: 2F
0-2: Ball
1-2: Foul Ball, location: 2F
1-2: Ball
2-2: Fly out, F9 (Flyball, 9S)
Batting: RHB Vernon Sterling 0-0: Ball
1-0: Called Strike
1-1: Hit by Pitch
Batting: LHB Claudio Palácios 0-0: Ball
1-0: Ball
Wild Pitch!
Vernon Sterling to second
2-0: Fly out, F8 (Flyball, 89M)
Bottom of the 6th over - 0 run(s), 0 hit(s), 0 error(s), 1 left on base; Barry's Bay 1 - Columbia 2
TOP OF THE 7TH
Barry's Bay Orioles batting - Pitching for Columbia 08s : RHP Irwin Conway
Batting: RHB Troy González 0-0: Called Strike
0-1: Ball
1-1: Foul Ball, location: 2F
1-2: Foul Ball, location: 2F
1-2: Ground out 6-3 (Groundball, 6)
Batting: RHB Santiago Rivera 0-0: Called Strike
0-1: Ball
1-1: Ground out 5-3 (Groundball, 5S)
Batting: RHB Octávio Aldeguer 0-0: Swinging Strike
0-1: Called Strike
0-2: Ball
1-2: Strikes out looking
Top of the 7th over - 0 run(s), 0 hit(s), 0 error(s), 0 left on base; Barry's Bay 1 - Columbia 2
BOTTOM OF THE 7TH
Columbia 08s batting - Pitching for Barry's Bay Orioles : RHP Jesús López
Pitching: LHP Roberto Galaz
Batting: LHB Dave Raines 0-0: Ball
1-0: Ball
2-0: Ball
3-0: Base on Balls
Pitching: LHP Ben Turner
Batting: RHB Henry Fox 0-0: Sac Bunt - play at second, runner OUT! 3-6
Pinch Hitting: RHB Chris Burrell 0-0: Ball
1-0: Called Strike
1-1: Called Strike
1-2: Foul Ball, location: 2F
1-2: Ball
2-2: Strikes out swinging
Batting: RHB Pablo Díaz Balk!
Henry Fox to second
0-0: Called Strike
0-1: Foul Ball, location: 2F
0-2: Strikes out swinging
Bottom of the 7th over - 0 run(s), 0 hit(s), 0 error(s), 1 left on base; Barry's Bay 1 - Columbia 2
TOP OF THE 8TH
Barry's Bay Orioles batting - Pitching for Columbia 08s : RHP Irwin Conway
Pitching: LHP José Reyes
Now in CF: Pedro López
Batting: LHB Will Elliott 0-0: Swinging Strike
0-1: Ball
1-1: Foul Ball, location: 2F
1-2: Strikes out swinging
Pitching: RHP Alejandro Hernández
Batting: RHB Bill Pike 0-0: Foul Ball, location: 2F
0-1: Ball
1-1: Swinging Strike
1-2: Foul Ball, location: 2F
1-2: Foul Ball, location: 2F
1-2: Strikes out swinging
Pitching: LHP Henny van der Lack
Batting: SHB Terry Christian 0-0: Ball
1-0: Foul Ball, location: 2F
1-1: Ball
2-1: Ball
3-1: Base on Balls
Batting: LHB Manuel Pérez 0-0: Ball
1-0: Ball
2-0: Foul Ball, location: 2F
2-1: Called Strike
2-2: Ball
3-2: Ground out 4-3 (Groundball, 4)
Top of the 8th over - 0 run(s), 0 hit(s), 0 error(s), 1 left on base; Barry's Bay 1 - Columbia 2
BOTTOM OF THE 8TH
Columbia 08s batting - Pitching for Barry's Bay Orioles : LHP Ben Turner
Batting: SHB Juan Carlos González 0-0: Ball
1-0: Called Strike
1-1: Swinging Strike
1-2: Strikes out swinging
Batting: RHB Jaime Hernández 0-0: Ball
1-0: Foul Ball, location: 2F
1-1: Ball
2-1: SOLO HOME RUN (Flyball, 7D), Distance : 376 ft
Batting: RHB Bernardo Corona 0-0: Ball
1-0: Ball
2-0: Swinging Strike
2-1: Ball
3-1: Base on Balls
Batting: RHB Vernon Sterling 0-0: Called Strike
0-1: Fly out, F4 (Flyball, 4D)
Batting: LHB Claudio Palácios 0-0: Ball
1-0: Ball
2-0: Foul Ball, location: 2F
2-1: Ball
3-1: SINGLE (Line Drive, 4M)
Bernardo Corona to second
Batting: LHB Dave Raines 0-0: Ball
1-0: Ball
2-0: Called Strike
2-1: Called Strike
2-2: Foul Ball, location: 2F
2-2: Foul Ball, location: 2F
2-2: Foul Ball, location: 2F
2-2: Fielders Choice at 2nd, 4-6 (Groundball, 4)
Bottom of the 8th over - 1 run(s), 2 hit(s), 0 error(s), 1 left on base; Barry's Bay 1 - Columbia 3
TOP OF THE 9TH
Barry's Bay Orioles batting - Pitching for Columbia 08s : LHP Henny van der Lack
Pitching: RHP Charles Palmeiro
Batting: LHB José Rodríguez 0-0: Called Strike
0-1: Ball
1-1: Ball
2-1: Ball
3-1: Called Strike
3-2: Fly out, F9 (Flyball, 89M)
Batting: RHB Jesús Castillo 0-0: Swinging Strike
0-1: Foul Ball, location: 2F
0-2: Foul Ball, location: 2F
0-2: Foul Ball, location: 2F
0-2: Ground out 6-3 (Groundball, 6)
Batting: RHB Troy González 0-0: Ball
1-0: Foul Ball, location: 2F
1-1: Swinging Strike
1-2: Strikes out swinging
Top of the 9th over - 0 run(s), 0 hit(s), 0 error(s), 0 left on base; Barry's Bay 1 - Columbia 3
Thursday, March 30th, 2017 - OOTP Baseball 17.12 Build 75